AoeStats
← SLTD.NinjaXXCrowXX

MegaRandom

509220884Analyzed
2v2 RM · 7d ago on Sep 25, 2026· 66m 56s· 4 players
Game mode
Random Map
Map size
Medium (4 player)
Population
200
Speed
Normal
Resources
Standard
Victory
Conquest
Starting age
Dark Age
Ending age
Imperial Age
RankedLock teamsTeams togetherTeam positionsShared explorationLock speedFull tech treeHidden civsTurbo modeCheats
Victory
Defeat
🇺🇸 Teutons · United States
1261
+15
🇺🇸 Sicilians · United States
1249
+16
🇺🇸 Persians · United States
1245
-16
🇦🇷 Inca · Argentina
1241
-15
Anak
6:45 Loom
9:09 Feudal Age
9:19 Champi Runner
13:20 Double-Bit Axe
14:31 Horse Collar
19:33 Castle Age
18:32 Forging
18:55 Scale Mail Armor
19:52 Champi Warrior
20:33 Squires
20:53 Bow Saw
23:25 Iron Casting
23:45 Chain Mail Armor
24:36 Arson
25:13 Heavy Plow
27:46 Fletching
29:42 Padded Archer Armor
31:23 Bodkin Arrow
32:15 Wheelbarrow
33:22 Leather Archer Armor
37:08 Imperial Age
35:37 Gold Mining
37:12 Elite Champi Warrior
38:24 Plate Mail Armor
38:03 Fabric Shields
38:24 Conscription
39:15 Blast Furnace
46:18 Bracer
46:49 Ring Archer Armor
53:24 Andean Sling
56:01 Ballistics
58:39 Gold Shaft Mining
59:39 Elite Kamayuk
Dumb_Armadillo
4:47 Loom
11:32 Feudal Age
17:28 Double-Bit Axe
17:25 Horse Collar
19:57 Wheelbarrow
19:08 Town Watch
21:38 Castle Age
19:56 Town Watch
20:46 Wheelbarrow
25:20 Hand Cart
27:20 Bow Saw
28:42 Heavy Plow
29:16 Gold Mining
34:24 Imperial Age
34:40 Imperial Age
33:38 Bloodlines
34:23 Crossbowman
35:42 Conscription
36:24 Stone Mining
37:09 Gold Shaft Mining
40:31 Guilds
40:58 Husbandry
41:24 Cavalier
42:33 Conscription
44:33 Citadels
44:44 Citadels
47:58 Hoardings
47:44 Kamandaran
48:20 Hoardings
48:35 Thumb Ring
47:52 Elite Skirmisher
49:08 Savar
53:20 Fletching
53:30 Padded Archer Armor
53:37 Scale Barding Armor
53:42 Forging
53:13 Capped Ram
54:46 Bodkin Arrow
55:06 Leather Archer Armor
56:01 Siege Ram
62:11 Chain Barding Armor
62:28 Iron Casting
62:24 Ring Archer Armor
65:53 Plate Barding Armor
66:19 Blast Furnace
SLTD.NinjaXXCrowXX
1:03 Loom
11:30 Feudal Age
22:20 Double-Bit Axe
24:53 Castle Age
25:30 Fletching
26:46 Bodkin Arrow
27:38 Bow Saw
36:21 Wheelbarrow
35:50 Horse Collar
37:16 Heavy Plow
40:51 Imperial Age
41:00 Imperial Age
38:48 Hand Cart
38:08 Elite Skirmisher
39:10 Squires
38:55 Arson
41:13 Ballistics
41:32 Scale Mail Armor
41:44 Forging
42:57 Chain Mail Armor
44:21 Plate Mail Armor
49:26 Bracer
50:20 Iron Casting
51:45 Murder Holes
54:20 Blast Furnace
53:54 Conscription
55:09 First Crusade
55:22 Scale Barding Armor
55:27 Elite Serjeant
59:19 First Crusade
60:08 Padded Archer Armor
61:47 Chemistry
60:34 Arrowslits
61:08 Leather Archer Armor
64:31 Stone Mining
64:59 Pikeman
66:23 Siege Engineers
Freiberg47
9:10 Loom
11:08 Feudal Age
15:19 Castle Age
14:20 Town Watch
14:25 Double-Bit Axe
14:25 Horse Collar
21:34 Heavy Plow
24:02 Bow Saw
25:57 Fletching
28:16 Scale Mail Armor
33:02 Imperial Age
32:01 Wheelbarrow
32:18 Bodkin Arrow
32:39 Chain Mail Armor
34:43 Chemistry
35:00 Crenellations
35:12 Plate Mail Armor
36:34 Hoardings
38:49 Hand Cart
38:34 Town Patrol
39:16 Plate Mail Armor
39:17 Ballistics
39:29 Forging
39:33 Squires
39:18 Arson
41:00 Two-Man Saw
41:22 Iron Casting
41:59 Crop Rotation
42:28 Cavalier
43:18 Bloodlines
43:15 Scale Barding Armor
44:10 Blast Furnace
44:00 Elite Teutonic Knight
46:40 Ironclad
53:35 Masonry
52:57 Paladin
53:35 Pikeman
54:54 Chain Barding Armor
57:01 Plate Barding Armor
57:27 Blast Furnace
57:33 Gold Mining
57:33 Stone Mining
60:51 Stone Shaft Mining
61:05 Halberdier
62:49 Capped Ram
67:04 Siege Engineers
Connection lost

Rejoining the realm…

Still unreachable

The connection could not be restored.

Session expired

The server has moved on; the page needs a fresh start.